 Seeded DCSS version 0.29.1-15-g9cfb28693d (webtiles) character file.

Game seed: 16245865983455551772 (custom seed)

175 Atreus the Magician (level 5, 0/35 HPs)
             Began as a Djinni Conjurer on Mar 6, 2023.
             Was a Follower of Makhleb.
             Slain by an orc wizard
             ... wielding a +0 dagger
              (3 damage)
             ... on level 3 of the Dungeon.
             The game lasted 00:05:30 (2731 turns).

Atreus the Magician (Djinni Conjurer)               Turns: 2731, Time: 00:05:31

Health: 0/35       AC:  2    Str:  6    XL:     5   Next: 85%
Gold:   1112       EV: 12    Int: 34    God:    Makhleb [*.....] SH:  0 Dex: 11

rFire   + + .      SeeInvis .   c - +2 glaive (venom)
rCold   x . .      Faith    .   (shield currently unavailable)
rNeg    . . .      Spirit   .   a - +0 robe
rPois   ∞          Reflect  .   (no helmet)
rElec   .          Harm     .   (no cloak)
rCorr   .          Rampage  .   (no gloves)
Will    .....                   (boots unavailable)
Stlth   ++........              (no amulet)
HPRegen 0.11/turn               f - +6 ring of intelligence
MPRegen 0.00/turn               g - +6 ring of intelligence

@: flying, studying Spellcasting
A: sickness immunity, fire resistance 2, cold vulnerability 1, float, innate
caster, HP casting, extra vitality 1
a: Renounce Religion


You were on level 3 of the Dungeon.
You worshipped Makhleb.
Makhleb was aware of your devotion.
You visited 1 branch of the dungeon, and saw 4 of its levels.

You collected 1112 gold pieces.

Inventory:

Hand Weapons
 c - a +2 glaive of venom (weapon)
Armour
 a - a +0 robe (worn)
Jewellery
 f - a +6 ring of intelligence (left hand)
 g - a +6 ring of intelligence (right hand)
Scrolls
 e - a scroll of teleportation {unknown}
 h - a scroll of identify {unknown}
Potions
 b - a potion of might {unknown}
 d - 2 potions of flight {unknown}


   Skills:
 + Level 0.2 Fighting
 + Level 0.6 Polearms
 - Level 2.1 Dodging
 - Level 1.5 Stealth
 + Level 6.4 Spellcasting


You couldn't memorise any spells.
You knew the following spells:

 Your Spells              Type           Power      Damage    Failure   Level
a - Magic Dart            Conj           100%       1d8       1%          1
b - Searing Ray           Conj           100%       2d8       1%          2
c - Dazzling Flash        Conj/Hex       100%       N/A       1%          3
d - Fulminant Prism       Conj/Hex       26%        3d14      2%          4
e - Iskenderun's Mystic   Conj/Tloc      53%        2d11      2%          4
f - Apportation           Tloc           100%       N/A       1%          1
g - Passwall              Tmut/Erth      44%        N/A       1%          2
Your spell library was empty.

Dungeon Overview and Level Annotations

Branches:
Dungeon (4/15)
 Temple: D:4-7

Altars:
Makhleb

Shops:
D:4 *:[


Innate Abilities, Weirdness & Mutations

You are immune to sickness and miasma.
You are immune to poison.
Your flesh is very heat resistant. (rF++)
You are vulnerable to cold. (rC-)
You float through the air rather than walking.
You learn spells naturally, not from books.
Your magical power is your life essence.
You have superior vitality. (+4 MHP)


Message History

You are confused.
Something hits you but does no damage.
You hear some strange, mumbled words.
You are more confused.
Something hits you.
You hear some strange, mumbled words.
You are more confused.
You're too confused to move!
You miss something. Something hits you but does no damage.
You start resting.
You hear some strange, mumbled words.
A magic dart appears from out of thin air!
The magic dart hits you!
There is a strange disturbance nearby!
There is a strange disturbance nearby!
You miss something.
You hear some strange, mumbled words.
A magic dart appears from out of thin air!
The magic dart hits you. Something hits you.
You're too confused to move!
Something hits you but does no damage.
You miss something.
You hear some strange, mumbled words.
Something tries to affect you, but you resist.
You're too confused to cast spells.
You hear some strange, mumbled words.
Something tries to affect you, but you resist.
You hear some strange, mumbled words.
A magic dart appears from out of thin air!
The magic dart hits you.
* * * LOW HITPOINT WARNING * * *
Something hits you.
* * * LOW HITPOINT WARNING * * *
You closely miss something. Something hits you.
* * * LOW HITPOINT WARNING * * *
Something hits you.
* * * LOW HITPOINT WARNING * * *
You're too confused to move!
You feel less confused. Something hits you.
You die...

#.####.#
#.#.##### #
#.# #...# #.#
###.# #.# #
#.# #.# .# #.#
# #.# ..#
#.####.#...#
#....{.....##
##...@........
#.###########
#


There were no monsters in sight!

Vanquished Creatures
  An ogre (D:4)
  A scorpion (D:4)
  4 ball pythons
  A bat (D:1)
  4 endoplasms (D:1)
  5 goblins
  3 hobgoblins (D:1)
  3 kobolds
  3 quokkas (D:1)
  A frilled lizard (D:1)
  A rat (D:1)
27 creatures vanquished.

Notes
Turn   | Place    | Note
-------+----------+-------------------------------------------
     0 | D:1      | Atreus the Djinni Conjurer began the quest for the Orb.
     0 | D:1      | Atreus set off with the following spells memorised: Magic
                  | Dart, Searing Ray, Dazzling Flash, Fulminant Prism,
                  | Iskenderun's Mystic Blast.
     0 | D:1      | Reached XP level 1. HP: 15/15 MP: 0/0
   360 | D:1      | Identified 3 scrolls of acquirement
   360 | D:1      | Acquired a +2 glaive of venom
   362 | D:1      | Acquired 1048 gold pieces
   364 | D:1      | Acquired a manual of Spellcasting
   376 | D:1      | Reached XP level 2. HP: 15/21 MP: 0/0
   531 | D:1      | Found a faded altar of an unknown god.
   537 | D:1      | Prayed at the altar of an unknown god.
   537 | D:1      | Became a worshipper of Makhleb the Destroyer
   537 | D:1      | Reached * piety under Makhleb
   897 | D:1      | Reached skill level 4 in Spellcasting
  1432 | D:1      | Reached XP level 3. HP: 24/25 MP: 0/0
  1432 | D:1      | Learned a level 1 spell: Apportation
  1705 | D:2      | You are sucked into a shaft and drop 2 floors!
  1708 | D:4      | Found Koenoidu's Book Boutique.
  1732 | D:4      | Noticed an ogre
  1739 | D:4      | Killed an ogre
  1740 | D:4      | Reached skill level 5 in Spellcasting
  1740 | D:4      | Reached XP level 4. HP: 5/31 MP: 0/0
  1740 | D:4      | Reached XP level 5. HP: 6/35 MP: 0/0
  1740 | D:4      | Learned a level 2 spell: Passwall
  2257 | D:4      | Found Gamycsypi's Antique Armour Boutique.
  2281 | D:4      | Reached skill level 6 in Spellcasting
  2660 | D:4      | Found Tuuwolaw's General Store.
  2731 | D:3      | Slain by an orc wizard

Illustrated notes

Levels and vault maps discovered:
D:1:      minmay_arrival_hallway, layout_loops_corners, basic_ecumenical_altar,
          minmay_unequal
D:2:      layout_loops_ring, uniq_jessica
D:3:      layout_basic, serial_shops, nicolae_shop_advertising_works
          [nicolae_subvault_shop_adworks], minmay_shallow_snake_nest,
          uniq_natasha
D:4:      layout_rooms, grunt_dithmenos_smoke_and_mirrors,
          makhleb_blood_cavern_becter, slow_altar_1, serial_shops,
          nicolae_square_shop, nicolae_shop_temple_entry_statues_fountains,
          kennysheep_mini_moat, chequers_serial_rivers_large_a,
          minmay_fractal_squares_gapless_5

Skill      XL: |  1  2  3  4  5 |
---------------+----------------+-----
Spellcasting   | 4 5 6 |  6.4
Fighting       | |  0.2
Polearms       | |  0.6
Dodging        | |  2.1
Stealth        | |  1.5

Action                   |  1- 3 |  4- 6 || total
-------------------------+-------+-------++-------
Melee: Glaive            |     7 |     6 ||    13
 Cast: Magic Dart        |    41 |     7 ||    48
       Searing Ray       |     1 |     2 ||     3
       Dazzling Flash    |       |     3 ||     3
  Use: Scroll            |     3 |       ||     3
Armor: Robe              |     2 |     4 ||     6
Dodge: Dodged            |     8 |     6 ||    14
